 Dungeon Crawl Stone Soup version 0.23-a0-650-ga4d50d4 (console) character file.

34 Duffy the Firebug (level 3, 24/24 HPs)
             Began as a Demonspawn Fire Elementalist on Jan 4, 2019.
             Quit the game on level 2 of the Dungeon.
             The game lasted 00:01:09 (1844 turns).

Duffy the Firebug (Demonspawn Fire Elementalist)    Turns: 1844, Time: 00:01:10

Health: 24/24      AC:  2    Str: 10    XL:     3   Next: 14%
Magic:  6/6        EV: 14    Int: 17    God:
Gold:   66         SH:  5    Dex: 13    Spells: 6/7 levels left

rFire    . . .     SeeInvis .   e - +0 spear
rCold    . . .     Gourm    .   (no shield)
rNeg     . . .     Faith    .   a - +0 robe
rPois    .         Spirit   .   (no helmet)
rElec    .         Reflect  +   (no cloak)
rCorr    .         Harm     .   (no gloves)
MR       .....                  (no boots)
Stlth    ++........             n - +5 amulet of reflection
HPRegen  0.08/turn              f - +2 ring of strength
MPRegen  0.10/turn              (no ring)

@: no status effects
A: repulsion field 1, powered by death 1
a: no special abilities


You were on level 2 of the Dungeon.
You were not hungry.

You visited 1 branch of the dungeon, and saw 2 of its levels.

You collected 66 gold pieces.

Inventory:

Hand Weapons
 e - a +0 spear (weapon)
Missiles
 d - 2 throwing nets (quivered)
Armour
 a - a +0 robe (worn)
Jewellery
 f - a +2 ring of strength (left hand)
 n - a +5 amulet of reflection (around neck)
Scrolls
 g - 3 scrolls of magic mapping {unknown}
 h - 3 scrolls of teleportation {unknown}
 i - 2 scrolls of fear {unknown}
 m - 5 scrolls of identify {unknown}
Potions
 b - 2 potions of haste {unknown}
 j - 2 potions of resistance {unknown}
 k - a potion of cancellation {unknown}
 l - a potion of heal wounds {unknown}
 o - a potion of curing {unknown}
Comestibles
 c - 4 rations
 p - 5 chunks of flesh


   Skills:
 - Level 1.7 Dodging
 - Level 1.7 Stealth
 + Level 2.5 Spellcasting
 + Level 2.0 Conjurations
 + Level 3.1 Fire Magic


You had 6 spell levels left.
You knew the following spells:

 Your Spells              Type           Power        Failure   Level  Hunger
h - Flame Tongue          Conj/Fire      ##...        6%          1    #......

Your spell library contained the following spells:

 Spells                   Type           Power        Failure   Level  Hunger
 Throw Flame              Conj/Fire      ##....       10%         2    ##.....
 Conjure Flame            Conj/Fire      ##......     19%         3    ###....
 Inner Flame              Hex/Fire       #.......     28%         3    ###....
 Sticky Flame             Conj/Fire      ##......     54%         4    #####..
 Fireball                 Conj/Fire      ##........   87%         5    ######.


Dungeon Overview and Level Annotations

Branches:
Dungeon (2/15)

Altars:


Innate Abilities, Weirdness & Mutations

You are surrounded by a mild repulsion field. (EV +2)
You regenerate a little health from kills.


Message History

The flame tongue hits the hobgoblin.
You kill the hobgoblin!
Your Conjurations skill increases to level 2!
Casting: Flame Tongue (safe; 6% risk of failure)
Confirm with . or Enter, or press ? or * to list all spells.
You can't see any susceptible monsters within range! (Use Z to cast anyway.)
Casting: Flame Tongue (safe; 6% risk of failure)
Confirm with . or Enter, or press ? or * to list all spells.
You can't see any susceptible monsters within range! (Use Z to cast anyway.)
You butcher the hobgoblin corpse.
p - 5 chunks of flesh (gained 1)
You see here a hobgoblin skeleton. x2
You now have 66 gold pieces (gained 11).
Found an escape hatch in the floor.
Found a stone staircase leading down.
Found a leather armour.
Found 14 bolts.
There is a stone staircase leading down here.
You see here a hobgoblin skeleton.
Found a short sword.
Are you sure you want to abandon this character and quit the game? (Confirm

... .. #....##....... ..#
..##.....#...###. ..#
.(...........# #. #.#
)##......#.#.###. #.#
.##...).##.#..>.. #.#
.##>.#.###.###.## ########.#
.##........# #.##
#...<....#######.##..###.###
#.## #.######.......@.##..#
#.# #..# #.#
#####.######..###.#####.#.
###.#
##...#####...........###
....# #..#............#...##
# #####
#.###.%###........##.###
#..#..## #..#########.#.
##...## #..# #....... #####
#..# #....... #..# #.####..


There were no monsters in sight!

Vanquished Creatures
  An ooze (D:1)
  A dart slug (D:2)
  3 leopard geckos
  A ball python (D:1)
  2 giant cockroaches (D:1)
  3 hobgoblins
  A quokka (D:2)
  4 bats
  A frilled lizard (D:1)
  2 goblins
  6 rats
25 creatures vanquished.

Notes
Turn   | Place    | Note
-------+----------+-------------------------------------------
     0 | D:1      | Duffy the Demonspawn Fire Elementalist began the quest for
                  | the Orb.
     0 | D:1      | Reached XP level 1. HP: 13/13 MP: 3/3
   514 | D:1      | Gained mutation: You regenerate a little health from kills.
                  | [demonic ancestry]
   514 | D:1      | Reached XP level 2. HP: 19/19 MP: 3/5
   755 | D:1      | Reached skill level 3 in Fire Magic
  1707 | D:2      | Gained mutation: You are surrounded by a mild repulsion
                  | field. (EV +2) [demonic ancestry]
  1707 | D:2      | Reached XP level 3. HP: 24/24 MP: 4/6
  1844 | D:2      | Quit the game

Vault maps used:
D:1:      evilmike_arrival_rings

Skill      XL: |  1  2  3 |
---------------+----------+-----
Fire Magic     | 3 |  3.1
Conjurations   | 2 |  2.0
Dodging        | |  1.7
Stealth        | |  1.7
Spellcasting   | |  2.5

Action                   || total
-------------------------++-------
Melee: Spear             ||     8
 Cast: Flame Tongue      ||    42
  Eat: Chunk             ||     3
Armor: Robe              ||     6
Dodge: Dodged            ||    12

Table legend:
 A = Non-vault XP
 B = Vault XP
 C = Vault XP percentage of total XP
 D = Non-vault monster count
 E = Vault monster count
 F = Vault count percentage of total count
                 A         B        C        D         E       F
            +---------+---------+-------+---------+---------+-------
      Total |      49 |       0 |   0.0 |      25 |       0 |   0.0
            +---------+---------+-------+---------+---------+-------
        D:1 |      30 |       0 |   0.0 |      17 |       0 |   0.0
        D:2 |      19 |       0 |   0.0 |       8 |       0 |   0.0
            +---------+---------+-------+---------+---------+-------
